 Dungeon Crawl Stone Soup version 0.28.0 (webtiles) character file.

Game seed: 1366987879946941217

95 Buxparty the Skirmisher (level 4, -2/35 (36) HPs)
             Began as a Demonspawn Abyssal Knight on Feb 4, 2022.
             Was a Believer of Lugonu.
             Slain by Robin (5 damage)
             ... on level 3 of the Dungeon.
             The game lasted 00:04:52 (2077 turns).

Buxparty the Skirmisher (Demonspawn Abyssal Knight) Turns: 2077, Time: 00:04:53

HP:   -2/35 (36)    AC:  6    Str: 16    XL:     4   Next: 40%
MP:   6/6           EV: 12    Int: 11    God:    Lugonu [**....]
Gold: 118           SH:  0    Dex: 13    Spells: 3/3 levels left

rFire   . . .      SeeInvis .   a - +1 falchion
rCold   . . .      Faith    .   (no shield)
rNeg    . . .      Spirit   .   f - +2 leather armour {rPois}
rPois   +          Reflect  .   (no helmet)
rElec   .          Harm     .   (no cloak)
rCorr   .          Rampage  .   (no gloves)
Will    .....                   (no boots)
Stlth   +.........              (no amulet)
HPRegen 0.11/turn               (no ring)
MPRegen 0.10/turn               (no ring)

@: lethally poisoned (-2 -> -6), lightly drained
A: rugged brown scales 1, spiny 1
a: Renounce Religion, Depart the Abyss, Bend Space


You were on level 3 of the Dungeon.
You worshipped Lugonu.
Lugonu was pleased with you.
You visited 1 branch of the dungeon, and saw 3 of its levels.
You visited the Abyss 1 time.

You collected 118 gold pieces.

Inventory:

Hand Weapons
 a - a +1 falchion (weapon)
Armour
 f - a +2 leather armour of poison resistance (worn)
Scrolls
 b - a scroll of vulnerability {unknown}
 g - a scroll of torment {unknown}
 h - a scroll of enchant weapon {unknown}
 i - a scroll of fear {unknown}
 j - a scroll of teleportation {unknown}
Potions
 c - a potion of curing {unknown}
 d - a potion of magic
 e - a potion of brilliance {unknown}


   Skills:
 + Level 3.3 Fighting
 * Level 2.6 Long Blades
 + Level 2.2 Armour
 * Level 2.3 Dodging
 + Level 3.1 Invocations


You had 3 spell levels left.
You didn't know any spells.
Your spell library contained the following spells:

 Spells                   Type           Power      Damage    Failure   Level
 Slow                     Hex            0%         N/A       41%         1
 Blink                    Tloc           0%         N/A       54%         2
 Confusing Touch          Hex            0%         N/A       78%         3
 Vampiric Draining        Necr           0%         2d6       78%         3
 Manifold Assault         Tloc           0%         N/A       100%        5
 Storm Form               Tmut/Air       0%         N/A       100%        7


Dungeon Overview and Level Annotations

Branches:
Dungeon (3/15)

Altars:
Elyvilon

Shops:
D:2 [

Annotations:
D:3 Robin


Innate Abilities, Weirdness & Mutations

You are partially covered in rugged brown scales. (AC +1, +3% HP)
You are partially covered in sharp spines.


Message History

You kill the goblin!
Lugonu accepts your kill. The goblin is struck by your spines.
You kill the goblin!
Lugonu accepts your kill.
Robin hits you from afar with a +3 spear of venom.
You are poisoned.
The hobgoblin is struck by your spines.
The hobgoblin hits you but does no damage.
Items here: (( )))))))) †††.
You feel sick.
Items here: ))) ††.
You feel sick.
You hit the hobgoblin.
You kill the hobgoblin!
Lugonu accepts your kill.
You feel sick.
You feel sick. The hobgoblin is struck by your spines.
The hobgoblin completely misses you.
Robin hits you from afar with a +3 spear of venom.
You are lethally poisoned!
Items here: ))) ††.
You hit the hobgoblin.
You kill the hobgoblin!
Lugonu accepts your kill.
* * * LOW HITPOINT WARNING * * *
You feel very sick. Robin completely misses you.
* * * LOW HITPOINT WARNING * * *
You feel sick. Robin hits you but does no damage.
Items here: (( )))))))) †††.
You completely miss Robin.
* * * LOW HITPOINT WARNING * * *
You feel sick. Robin is struck by your spines.
Robin hits you but does no damage.
It was a potion of magic.
Magic courses through your body.
* * * LOW HITPOINT WARNING * * *
You feel sick. Robin is struck by your spines.
Robin hits you with a +3 spear of venom.
You die...

####### #..)@g#
#.###.# ###### #.#
#...# #....###.#
#.#.... #........#
#.#.....g #....###.#
... ....#
#....###(##.###....#
#..................#
#....###.##........#


You could see Robin.

Vanquished Creatures
  Jessica (D:2)
  An adder (D:2)
  A worm (D:2)
  4 bats
  An endoplasm (D:2)
  2 giant cockroaches
  15 goblins
  8 hobgoblins
  2 jackals (D:2)
  3 quokkas
  3 ball pythons
  A frilled lizard (D:2)
  7 kobolds
  3 rats
52 creatures vanquished.

Notes
Turn   | Place    | Note
-------+----------+-------------------------------------------
     0 | Abyss:1  | Buxparty the Demonspawn Abyssal Knight began the quest for
                  | the Orb.
     0 | Abyss:1  | Reached XP level 1. HP: 18/18 MP: 2/2
    96 | Abyss:2  | Noticed a thrashing horror
    97 | D:1      | Escaped the Abyss
   127 | D:1      | Reached skill level 1 in Dodging
   368 | D:1      | Reached * piety under Lugonu
   370 | D:1      | Gained mutation: You are partially covered in rugged brown
                  | scales. (AC +1, +3% HP) [demonic ancestry]
   370 | D:1      | Reached XP level 2. HP: 18/24 MP: 3/3
   986 | D:2      | Reached XP level 3. HP: 17/29 MP: 5/5
  1426 | D:2      | Noticed Jessica
  1444 | D:2      | Killed Jessica
  1584 | D:2      | Gained mutation: You are partially covered in sharp spines.
                  | [demonic ancestry]
  1584 | D:2      | Reached XP level 4. HP: 36/36 MP: 6/6
  1695 | D:2      | Found Viwex's Antique Armour Boutique.
  1868 | D:2      | Found a faded altar of an unknown god.
  2048 | D:3      | Reached ** piety under Lugonu
  2054 | D:3      | Noticed Robin
  2077 | D:3      | Slain by Robin

Illustrated notes

Levels and vault maps discovered:
D:1:      heliophobic_arrival_ceremonial_halls, layout_rooms
D:2:      layout_loops_ring, hellmonk_ecumenical_altar_heavens_door,
          serial_shops, shop, basic_altar, kennysheep_generic_room_13,
          uniq_jessica
D:3:      layout_basic, uniq_robin

Skill      XL: |  1  2  3 |
---------------+----------+-----
Dodging        | 1 2 |  2.3
Long Blades    | 2 |  2.6
Armour         | 2 |  2.2
Invocations    | 3 |  3.1
Fighting       | |  3.3

Action                   |  1- 3 |  4- 6 || total
-------------------------+-------+-------++-------
Melee: Falchion          |    84 |    39 ||   123
Invok: Depart the Abyss  |     1 |       ||     1
  Use: Potion            |       |     1 ||     1
Armor: Leather armour    |    26 |    10 ||    36
Dodge: Dodged            |    47 |    21 ||    68
